 Dungeon Crawl Stone Soup version 0.28.0-45-g0d030f2227 (webtiles) character file.

Game seed: 3471804549920698330

329 Naeght the Poker (level 6, 0/48 HPs)
             Began as a Merfolk Gladiator on Apr 22, 2022.
             Was a Believer of Makhleb.
             Slain by an iguana (12 damage)
             ... on level 5 of the Dungeon.
             The game lasted 00:05:15 (3993 turns).

Naeght the Poker (Merfolk Gladiator)                Turns: 3993, Time: 00:05:16

Health: 0/48       AC:  4    Str: 16    XL:     6   Next: 50%
Magic:  7/7        EV: 14    Int:  8    God:    Makhleb [**....]
Gold:   130        SH:  5    Dex: 15    Spells: 5/5 levels left

rFire   . . .      SeeInvis .   a - +0 trident
rCold   . . .      Faith    .   (no shield)
rNeg    . . .      Spirit   .   b - +0 leather armour
rPois   .          Reflect  +   c - +0 helmet
rElec   .          Harm     .   (no cloak)
rCorr   .          Rampage  .   (no gloves)
Will    .....                   (no boots)
Stlth   +.........              s - amulet of reflection
HPRegen 0.16/turn               (no ring)
MPRegen 0.10/turn               (no ring)

@: no status effects
A: (nimble swimmer 2), mertail
a: Renounce Religion, Minor Destruction


You were on level 5 of the Dungeon.
You worshipped Makhleb.
Makhleb was pleased with you.
You visited 1 branch of the dungeon, and saw 5 of its levels.

You collected 130 gold pieces.

Inventory:

Hand Weapons
 a - a +0 trident (weapon)
Missiles
 d - 3 throwing nets (quivered)
Armour
 b - a +0 leather armour (worn)
 c - a +0 helmet (worn)
Jewellery
 s - an amulet of reflection (around neck)
 t - a ring of wizardry
Scrolls
 e - 7 scrolls of identify {unknown}
 g - a scroll of magic mapping {unknown}
 j - 2 scrolls of brand weapon {unknown}
 k - a scroll of enchant weapon {unknown}
 l - a scroll of blinking {unknown}
 n - a scroll of acquirement {unknown}
 o - a scroll of teleportation {unknown}
 q - a scroll of fear {unknown}
 r - a scroll of torment {unknown}
 u - a scroll of enchant armour {unknown}
 v - a scroll of fog {unknown}
Potions
 f - 4 potions of haste {unknown}
 h - 2 potions of curing {unknown}
 i - a potion of flight {unknown}
 m - a potion of brilliance {unknown}
 p - a potion of might {unknown}
 w - a potion of ambrosia {unknown}
 x - a potion of heal wounds {unknown}


   Skills:
 + Level 3.8 Fighting
 * Level 7.4 Polearms
 - Level 2.0 Throwing
 + Level 5.5 Dodging
 + Level 2.4 Invocations


You had 5 spell levels left.
You didn't know any spells.
Your spell library was empty.

Dungeon Overview and Level Annotations

Branches:
Dungeon (5/15)
 Temple: D:4-7

Altars:
Elyvilon
Makhleb


Innate Abilities, Weirdness & Mutations

((You are very nimble when in or above water. (Stealth+, EV+, Speed+++)))
Your lower body shifts to a powerful aquatic tail in water.


Message History

You are too injured to fight recklessly!
You are too injured to fight recklessly!
You are too injured to fight recklessly!
You are too injured to fight recklessly!
You are too injured to fight recklessly!
You are too injured to fight recklessly!
You are too injured to fight recklessly!
You are too injured to fight recklessly!
You are too injured to fight recklessly!
You are too injured to fight recklessly!
You are too injured to fight recklessly!
You are too injured to fight recklessly!
You are too injured to fight recklessly!
You are too injured to fight recklessly!
You are too injured to fight recklessly!
You are too injured to fight recklessly!
You are too injured to fight recklessly!
You are too injured to fight recklessly!
You are too injured to fight recklessly!
You are too injured to fight recklessly!
You are too injured to fight recklessly!
You are too injured to fight recklessly!
You are too injured to fight recklessly!
Aiming: Minor Destruction (8% risk of failure)
Press: ? - help, Shift-Dir - straight line, f - iguana
Aim: an iguana (moderately wounded)
The zap hits the iguana.
The iguana is heavily wounded.
The iguana closely misses you.
You hit the iguana but do no damage.
The iguana is heavily wounded.
The iguana bites you!
* * * LOW HITPOINT WARNING * * *
You barely miss the iguana.
The iguana is heavily wounded.
The iguana misses you.
You barely miss the iguana.
The iguana is heavily wounded.
The iguana bites you!
You die...

...........
......... .
....... .>
#.....#
...##.....#
......<..!##
.......l...#
......†@...#
...#....<..#
#......##
#.###### ##


You could see an iguana.

Vanquished Creatures
  A black bear (D:3)
  2 scorpions
  A hound skeleton (D:4)
  3 adders
  An adder skeleton (D:4)
  A worm (D:2)
  2 dart slugs (D:2)
  An orc (D:3)
  10 ball pythons
  8 bats
  4 endoplasms
  4 giant cockroaches
  4 goblins
  7 hobgoblins
  9 kobolds
  5 quokkas
  3 frilled lizards
  9 rats
75 creatures vanquished.

Vanquished Creatures (others)
  8 plants
8 creatures vanquished.

Grand Total: 83 creatures vanquished

Notes
Turn   | Place    | Note
-------+----------+-------------------------------------------
     0 | D:1      | Naeght the Merfolk Gladiator began the quest for the Orb.
     0 | D:1      | Reached XP level 1. HP: 16/16 MP: 1/1
   113 | D:1      | Reached XP level 2. HP: 23/23 MP: 2/2
   455 | D:1      | Reached skill level 5 in Polearms
   535 | D:2      | Found a faded altar of an unknown god.
   555 | D:2      | Prayed at the altar of an unknown god.
   555 | D:2      | Became a worshipper of Makhleb the Destroyer
   555 | D:2      | Reached * piety under Makhleb
   744 | D:2      | Reached XP level 3. HP: 28/28 MP: 3/3
  1090 | D:2      | Reached ** piety under Makhleb
  1102 | D:2      | Reached XP level 4. HP: 15/34 MP: 4/4
  1784 | D:3      | Noticed a black bear
  1794 | D:3      | Killed a black bear
  1795 | D:3      | Reached skill level 6 in Polearms
  1795 | D:3      | Reached skill level 5 in Dodging
  1795 | D:3      | Reached skill level 1 in Invocations
  1795 | D:3      | Reached XP level 5. HP: 18/41 MP: 4/6
  2403 | D:3      | Found a white marble altar of Elyvilon.
  3593 | D:4      | Reached skill level 7 in Polearms
  3593 | D:4      | Reached XP level 6. HP: 21/48 MP: 7/7
  3974 | D:5      | Entered Level 5 of the Dungeon
  3993 | D:5      | Slain by an iguana

Illustrated notes

Levels and vault maps discovered:
D:1:      matt_arrival_grand_opening, layout_basic
D:2:      layout_basic, basic_ecumenical_altar, lexackson_kobold_supper
D:3:      layout_basic, nicolae_elyvilon_temple_path, kennysheep_boxes
D:4:      layout_basic, minivault_26
D:5:      layout_gridville, minmay_temple_entry_proselytizer, serial_shops,
          nicolae_shop_waterfront, uniq_prince_ribbit1

Skill      XL: |  1  2  3  4  5 |
---------------+----------------+-----
Polearms       | 5 6 7 |  7.4
Fighting       | 3 |  3.8
Dodging        | 5 |  5.5
Invocations    | 1 2 |  2.4
Throwing       | |  2.0

Action                   |  1- 3 |  4- 6 || total
-------------------------+-------+-------++-------
Melee: Trident           |   105 |   132 ||   237
       Punch             |       |     2 ||     2
Invok: Minor Destruction |       |     1 ||     1
Armor: Leather armour    |    23 |    16 ||    39
Dodge: Dodged            |    66 |    59 ||   125
Block: Other             |       |     9 ||     9
